 Dungeon Crawl Stone Soup version 0.28-b1-1-g3c77fb2ed1 (webtiles) character file.

Game seed: 12549932357001688355

52 BeavisTheGrey the Skirmisher (level 3, 0/34 HPs)
             Began as a Hill Orc Fighter on Jan 30, 2022.
             Succumbed to an adder's poison
             ... on level 2 of the Dungeon.
             The game lasted 00:10:51 (1819 turns).

BeavisTheGrey the Skirmisher (Hill Orc Fighter)     Turns: 1819, Time: 00:10:52

Health: 0/34       AC:  6    Str: 20    XL:     3   Next: 85%
Magic:  3/3        EV:  9    Int:  8    God:
Gold:   97         SH:  4    Dex: 10    Spells: 2/2 levels left

rFire   . . .      SeeInvis .   a - +0 war axe
rCold   . . .      Faith    .   c - +0 buckler
rNeg    . . .      Spirit   .   b - +0 scale mail
rPois   .          Reflect  .   (no helmet)
rElec   .          Harm     .   (no cloak)
rCorr   .          Rampage  .   (no gloves)
Will    .....                   (no boots)
Stlth   ..........              (no amulet)
HPRegen 0.11/turn               (no ring)
MPRegen 0.08/turn               (no ring)

@: lethally poisoned (0 -> -5)
A: no striking features
a: no special abilities


You were on level 2 of the Dungeon.
You visited 1 branch of the dungeon, and saw 2 of its levels.

You collected 97 gold pieces.

Inventory:

Hand Weapons
 a - a +0 war axe (weapon)
Armour
 b - a +0 scale mail (worn)
 c - a +0 buckler (worn)
Scrolls
 e - a scroll of holy word {unknown}
 f - a scroll of fear
 g - a scroll of blinking {unknown}
 h - a scroll of amnesia {unknown}
 j - a scroll of identify {unknown}
 k - a scroll of teleportation {unknown}
Potions
 d - a potion of might
 i - 2 potions of cancellation {unknown}


   Skills:
 + Level 4.3 Fighting
 + Level 3.5 Axes
 + Level 3.6 Armour
 + Level 0.1 Dodging
 + Level 3.9 Shields


You had 2 spell levels left.
You didn't know any spells.
Your spell library was empty.

Dungeon Overview and Level Annotations

Branches:
Dungeon (2/15)

Altars:


Message History

Found a stone staircase leading up and a stone staircase leading down.
An adder comes into view.
The adder hisses angrily.
You slash the goblin!
You kill the goblin!
You see here a +0 dagger.
The adder barely misses you. The adder bites you.
You barely miss the adder. The adder bites you.
You are poisoned.
The adder poisons you!
You miss the adder.
You feel sick. You block the adder's attack. The adder bites you.
You are more poisoned.
The adder poisons you!
You barely miss the adder.
You feel sick. The adder bites you. The adder bites you but does no damage.
You closely miss the adder.
You feel sick. The adder bites you.
You are more poisoned.
The adder poisons you! The adder closely misses you.
You closely miss the adder.
You feel very sick. The adder barely misses you.
The adder bites you but does no damage.
You barely miss the adder.
You feel sick. The adder barely misses you.
The adder bites you but does no damage.
You miss the adder.
You feel sick. The adder bites you.
* * * LOW HITPOINT WARNING * * *
You closely miss the adder.
You feel sick.
The adder bites you but does no damage. x2
You closely miss the adder.
You feel sick. You block the adder's attack.
The adder bites you but does no damage.
You barely miss the adder.
You feel sick.
You are no longer poisoned.
You block the adder's attack. The adder closely misses you.
You miss the adder. The adder closely misses you.
You miss the adder. The adder bites you.
* * * LOW HITPOINT WARNING * * *
You are lethally poisoned!
The adder poisons you! The adder bites you but does no damage.
You hit the adder but do no damage.
You die...

#.####..###.####..#
#...........# #..#
######..##### #..# #...#
##.# ##..########.#
#######..##.......##
#........##.####...##
#.#####.....###.)...####
#.# #..####..S@........
..# #...#.........###..
#.# #...#.........# #.#
#.............# #.>
.........><...# ###.
##............# .#
#.....###.#.. # #..#.
.#### ## #.


You could see an adder.

Vanquished Creatures
  An adder (D:2)
  2 dart slugs (D:1)
  3 endoplasms
  3 goblins
  6 hobgoblins
  8 jackals (D:1)
  2 kobolds (D:1)
  2 ball pythons (D:1)
  3 bats
  A frilled lizard (D:1)
  4 rats (D:1)
35 creatures vanquished.

Notes
Turn   | Place    | Note
-------+----------+-------------------------------------------
     0 | D:1      | BeavisTheGrey the Hill Orc Fighter began the quest for the
                  | Orb.
     0 | D:1      | Reached XP level 1. HP: 19/19 MP: 1/1
    59 | D:1      | Found a faded altar of an unknown god.
    80 | D:1      | Reached XP level 2. HP: 16/27 MP: 2/2
    97 | D:1      | Reached skill level 4 in Fighting
   513 | D:1      | Reached XP level 3. HP: 33/33 MP: 3/3
  1818 | D:2      | HP: 1/34 [adder (3)]
  1819 | D:2      | Succumbed to an adder's poison

Illustrated notes

Levels and vault maps discovered:
D:1:      co_arrival_random_square_maze, layout_rooms,
          hellmonk_ecumenical_altar_inner_sanctum, minmay_tripent
D:2:      layout_loops_ring, minmay_liquid_box, uniq_crazy_yiuf_cottage

Skill      XL: |  1  2 |
---------------+-------+-----
Fighting       | 4 |  4.3
Axes           | 3 |  3.5
Armour         | |  3.6
Dodging        | |  0.1
Shields        | |  3.9

Action                   || total
-------------------------++-------
Melee: War axe           ||   109
  Use: Scroll            ||     1
Armor: Scale mail        ||    73
Dodge: Dodged            ||    73
Block: Buckler           ||    41
